 Dungeon Crawl Stone Soup version 0.26.1-11-gd32895ea62 (webtiles) character file.

Game seed: 8871815231812714771

64 MisterFreud the Sneak (level 3, -4/17 HPs)
             Began as a Felid Abyssal Knight on May 8, 2021.
             Was a Believer of Lugonu.
             Slain by a hobgoblin
             ... wielding a +0 long sword
              (6 damage)
             ... on level 2 of the Dungeon.
             The game lasted 00:02:49 (1885 turns).

MisterFreud the Sneak (Felid Abyssal Knight)        Turns: 1885, Time: 00:02:49

Health: -4/17      AC:  5    Str:  8    XL:     3   Next: 91%
Magic:  5/5        EV: 18    Int: 13    God:    Lugonu [**....]
Gold:   64         SH:  0    Dex: 16    Spells: 2/2 levels left
                                        Lives:  0   Deaths: 0

rFire    . . .     SeeInvis +     - Unarmed
rCold    . . .     Faith    .   (shield unavailable)
rNeg     . . .     Spirit   .   (armour unavailable)
rPois    .         Reflect  .   (helmet unavailable)
rElec    .         Harm     .   (cloak unavailable)
rCorr    .         Rampage  .   (gloves unavailable)
Will     .....                  (boots unavailable)
Stlth    +++.......             (no amulet)
HPRegen  0.05/turn              (no ring)
MPRegen  0.09/turn              e - +4 ring of protection

@: quick
A: very small, no armour, no weapons or thrown items, stealth, claws 1, fangs 3,
see invisible, speed 1, shaggy fur 1, sharp paws
a: Renounce Religion, Depart the Abyss, Bend Space


You were on level 2 of the Dungeon.
You worshipped Lugonu.
Lugonu was pleased with you.
You visited 1 branch of the dungeon, and saw 2 of its levels.
You visited the Abyss 1 time.

You collected 64 gold pieces.

Inventory:

Jewellery
 e - a +4 ring of protection (right paw)
Scrolls
 b - a scroll of remove curse
 f - a scroll of fear {unknown}
 g - a scroll of identify {unknown}
Potions
 a - a potion of mutation {unknown}
 c - 2 potions of resistance {unknown}
 d - a potion of ambrosia {unknown}
 h - a potion of berserk rage {unknown}


   Skills:
 - Level 3.0 Fighting
 - Level 3.2 Dodging
 + Level 3.6 Stealth
 + Level 3.3 Unarmed Combat
 - Level 1.7 Invocations


You had 2 spell levels left.
You didn't know any spells.
Your spell library was empty.

Dungeon Overview and Level Annotations

Branches:
Dungeon (2/15)

Altars:
Okawaru


Innate Abilities, Weirdness & Mutations

You cannot wear armour.
You are incapable of wielding weapons or throwing items.
Your paws allow you to move quietly. (Stealth)
You have sharp claws.
You have razor-sharp teeth.
You have supernaturally acute eyesight. (SInv)
You cover ground quickly.
You are covered in fur. (AC +1)
Your sharp claws are effective at attacking unaware monsters.


Message History

Things that are here:
an uncursed amulet of magic regeneration; a scroll labelled ALEMAYV TIEN; a goblin corpse You scratch the worm.
The worm is heavily wounded.
The bat misses you. The hobgoblin completely misses you.
You scratch the worm. You bite the worm.
The worm is almost dead.
The worm bites you!
* * * LOW HITPOINT WARNING * * *
You scratch the worm.
You kill the worm!
Lugonu accepts your kill. The bat closely misses you.
You scratch the bat.
You kill the bat!
Lugonu accepts your kill.
You scratch the hobgoblin but do no damage.
Your bite misses the hobgoblin.
The hobgoblin hits you with a +0 long sword.
You die...

..###.#### #.##...# .....#
#.##...# ###..... #.##...#
#......## #.##...# #.......
# ..##...#######..#.#.#.#
####.........#..#...#.#####
####....####.#..##.........
................@g$........
................##.........
..............####.........
####...†####.## #.........
#....†....# ....######
#...####### ##.#.#
#...###### ..#.# ####
#........# .####.. ...##
#...####.# .......##....


You could see a hobgoblin.

Vanquished Creatures
  An adder (D:2)
  3 worms (D:2)
  A dart slug (D:1)
  2 leopard geckos (D:1)
  2 ball pythons
  2 giant cockroaches (D:2)
  5 goblins
  3 hobgoblins (D:2)
  A quokka (D:2)
  7 bats
  2 frilled lizards
  5 kobolds
  7 rats
41 creatures vanquished.

Notes
Turn   | Place    | Note
-------+----------+-------------------------------------------
     0 | Abyss:1  | MisterFreud the Felid Abyssal Knight began the quest for
                  | the Orb.
     0 | Abyss:1  | Reached XP level 1. HP: 10/10 MP: 3/3
    15 | D:1      | Escaped the Abyss
   121 | D:1      | Reached skill level 1 in Stealth
   360 | D:1      | Reached XP level 2. HP: 4/14 MP: 4/4
   906 | D:1      | Reached ** piety under Lugonu
  1070 | D:2      | Reached XP level 3. HP: 13/17 MP: 5/5
  1498 | D:2      | Found an iron altar of Okawaru.
  1885 | D:2      | Slain by a hobgoblin

Illustrated notes

Levels and vault maps discovered:
D:1:      scummos_arrival_gate, layout_rooms, minmay_tetromino_s4
D:2:      layout_loops_cross, old_standard_altar

Skill      XL: |  1  2  3 |
---------------+----------+-----
Stealth        | 1 2 3 |  3.6
Unarmed Combat | 3 |  3.3
Fighting       | |  3.0
Dodging        | |  3.2
Invocations    | |  1.7

Action                   || total
-------------------------++-------
Melee: Unarmed           ||   133
       Bite              ||    13
  Use: Scroll            ||     2
 Stab: Sleeping          ||     9
Armor: Skin              ||    21
Dodge: Dodged            ||    92
